 Dungeon Crawl Stone Soup version 0.30.0-29-ga12c61a403 (webtiles) character file.

Game seed: 18071511151571586527

18 BONEBRO the Chopper (level 2, -3/26 HPs)
             Began as a Hill Orc Monk on June 15, 2023.
             Was a Believer of Beogh.
             Slain by a cerulean imp
             ... wielding a +2 spear
             ... summoned by Natasha
              (6 damage)
             ... on level 2 of the Dungeon.
             The game lasted 00:01:59 (768 turns).

BONEBRO the Chopper (Hill Orc Monk)                  Turns: 768, Time: 00:02:00

Health: -3/26      AC:  2    Str: 13    XL:     2   Next: 70%
Magic:  2/2        EV: 12    Int: 10    God:    Beogh [**....]
Gold:   26         SH:  0    Dex: 13    Spells: 1/1 levels left

rFire   . . .        a - +0 hand axe
rCold   . . .        d - orb {light}
rNeg    . . .        b - +0 robe
rPois   .            (no helmet)
rElec   .            (no cloak)
rCorr   .            (no gloves)
SInv    .            (no boots)
Will    .....        (no amulet)
Stlth   +            (no ring)
HPRegen 0.24/turn    (no ring)
MPRegen 0.08/turn

%: no passive effects
@: glowing
A: no striking features
a: Renounce Religion, Smiting


You were on level 2 of the Dungeon.
You worshipped Beogh.
Beogh was pleased with you.
You visited 1 branch of the dungeon, and saw 2 of its levels.

You collected 26 gold pieces.

Inventory:

Hand Weapons
 a - a +0 hand axe (weapon)
Armour
 b - a +0 robe (worn)
 d - an orb of light (worn)
Scrolls
 e - 3 scrolls of identify {unknown}
 h - a scroll of enchant armour {unknown}
Potions
 c - a potion of ambrosia
 f - a potion of mutation {unknown}
 g - a potion of resistance {unknown}


   Skills:
 - Level 3.6 Fighting
 + Level 5.2 Axes
 - Level 2.4 Dodging


You had one spell level left.
You didn't know any spells.
Your spell library contained the following spells:

 Spells                   Type           Power      Damage    Failure   Level
 Summon Ice Beast         Ice/Summ       0%         N/A       98%         4
 Summon Mana Viper        Hex/Summ       0%         N/A       100%        5
 Monstrous Menagerie      Summ           0%         N/A       100%        7


Dungeon Overview and Level Annotations

Branches:
Dungeon (2/15)

Altars:

Shops:
D:2 (

Annotations:
D:2 Natasha


Message History

You swap places.
You feel sick.
The adder bites the orc.
The kobold hits the orc with a +0 whip.
The orc hits the adder with a +2 dagger of draining.
Natasha casts a spell.
The adder bites the orc.
You feel sick.
The adder bites the orc.
The orc dies!
Found a stone staircase leading up.
You feel sick.
You hit the kobold.
You kill the kobold!
Beogh accepts your kill.
You feel sick.
Natasha growls.
You barely miss Natasha.
Natasha is lightly wounded.
You feel sick.
You are no longer poisoned.
Natasha closely misses you.
You hit Natasha.
Natasha is moderately wounded.
Natasha barely misses you.
You hit Natasha.
Natasha is heavily wounded.
Natasha claws you.
You barely miss Natasha.
Natasha is moderately wounded.
Natasha misses you.
You barely miss Natasha.
Natasha is moderately wounded.
Natasha claws you. The cerulean imp closely misses you.
You hit Natasha.
Natasha is severely wounded.
Natasha misses you.
The cerulean imp hits you from afar with a +2 spear.
* * * LOW HITPOINT WARNING * * *
You hit Natasha but do no damage.
Natasha is severely wounded.
Natasha barely misses you.
The cerulean imp hits you from afar with a +2 spear.
You die...

..........
#........ ..
........ ..
#......##.#
#..#)#....#
#..o#<..###
##..# 5....
#∩.)##.[##
##.Sh@...#
#..##.#.# #..#
.# . #.## ...
#.###.##
###.....#
#....####
##########.#.##
#......##....#


You could see Natasha, a cerulean imp (summoned) and an adder.

Vanquished Creatures
  2 bats (D:1)
  3 endoplasms (D:1)
  2 goblins
  2 hobgoblins (D:1)
  A quokka (D:1)
  2 ball pythons (D:1)
  2 frilled lizards (D:1)
  2 kobolds
16 creatures vanquished.

Vanquished Creatures (others)
  2 orcs (D:2)
  A rat (D:2)
3 creatures vanquished.

Grand Total: 19 creatures vanquished

Notes
Turn   | Place    | Note
-------+----------+-------------------------------------------
     0 | D:1      | BONEBRO the Hill Orc Monk began the quest for the Orb.
     0 | D:1      | Reached XP level 1. HP: 19/19 MP: 1/1
   238 | D:1      | Reached XP level 2. HP: 24/26 MP: 2/2
   508 | D:1      | Reached skill level 5 in Axes
   740 | D:2      | Found Hucel's Weapon Boutique.
   749 | D:2      | Became a worshipper of Beogh the Brigand
   749 | D:2      | Reached * piety under Beogh
   749 | D:2      | Reached ** piety under Beogh
   751 | D:2      | Noticed Natasha
   768 | D:2      | Slain by a cerulean imp

Illustrated notes

Levels and vault maps discovered:
D:1:      psy_arrival_fountain, layout_loops_ring
D:2:      layout_rooms, serial_shops, nicolae_shop_just_a_little_nook,
          uniq_natasha, uniq_crazy_yiuf_cottage

Skill      XL: |  1  2 |
---------------+-------+-----
Axes           | 5 |  5.2
Fighting       | |  3.6
Dodging        | |  2.4

Action                     || total
---------------------------++-------
  Melee: Hand axe          ||    53
 Invoke: Convert to Beogh  ||     1
 Armour: Robe              ||     7
  Dodge: Dodged            ||    38
